Lightning vs Canadiens (R1)

Created - 13 décembre 2016 at 21:24

Goals
1 2 3 T
Lightning 3 1 2 6
Canadiens 0 2 1 3
Shots
1 2 3 T
Lightning 12 6 12 30
Canadiens 13 10 9 32

1st period

1. Lightning , Kris Versteeg 15 (Chris Higgins, Pierre-Marc Bouchard) at 14:12
2. Lightning , Henrik Zetterberg 13 (Robert Nilsson) at 14:20 (PP)
3. Lightning , Robert Nilsson 14 (Brent Burns) at 16:18

Penalties :
Dan Boyle (Mon) for Tripping (Minor) at 1:16, Sheldon Keefe (TB.) for High sticking (Minor) at 6:17, Pierre-Luc Létourneau (TB.) for Hooking (Minor) at 9:20, Dan Boyle (Mon) for Holding (Minor) at 14:19, Dan Boyle (Mon) for Roughing (Minor) at 16:26

2nd period

4. Canadiens , Jonas Hoglund 2 (Dustin Boyd) at 5:37
5. Canadiens , Jiri Fischer 2 (Andrei Loktionov, Ladislav Smid) at 10:18
6. Lightning , Logan Couture 7 (Brent Burns, Sheldon Keefe) at 16:11

Penalties :
Pierre-Marc Bouchard (TB.) for Tripping (Minor) at 2:16, Jamie Langenbrunner (TB.) for Holding (Minor) at 7:34, Sheldon Keefe (TB.) for Holding Stick (Minor) at 7:41, Pierre-Luc Létourneau (TB.) for Hooking (Minor) at 12:46, Rene Bourque (Mon) for Hooking (Minor) at 16:58

3rd period

7. Lightning , Pierre-Marc Bouchard 5 (John Carlson, Andy Rogers) at 14:10
8. Canadiens , Marek Svatos 11 (Dan Boyle, Marc Savard) at 15:23 (PP)
9. Lightning , Robert Nilsson 15 (Henrik Zetterberg, Wes O'Neill) at 17:43 (PP)

Penalties :
Ladislav Smid (Mon) for Holding (Minor) at 1:18, Dennis Wideman (Mon) for Holding (Minor) at 6:04, Wayne Simmonds (TB.) for Interference (Minor) at 15:06, Drew Miller (Mon) for Holding (Minor) at 16:11

Goalie Stats

Tyler Weiman (TB.), 29 saves from 32 shots - (0,906), W, 13-7-2, 60:00 minutes
Jonathan Bernier (Mon), 13 saves from 17 shots - (0,765), L, 8-9-3, 36:11 minutes
Tobias Stephan (Mon), 11 saves from 13 shots - (0,846), 23:49 minutes

Players Stats for Lightning

Player Name              G  A  P  +/- PIM S  H  SB GA TA FO     MP     PP MP  PK MP  
------------------------------------------------------------------------------------
Alexander Sulzer         0  0  0   0  0   0  0  0  0  0  0/0     9:51   0:27   0:00 
Andy Rogers              0  1  1   1  0   0  2  2  0  0  0/0    17:39   0:00   5:39 
Brent Burns              0  2  2   1  0   2  3  0  0  0  0/0    28:38   6:56   4:40 
Chris Higgins            0  1  1   1  0   2  0  1  0  2  0/0    16:41   5:31   1:16 
Daniel Carcillo          0  0  0   0  0   1  0  1  0  0  0/0    10:47   0:33   0:00 
Darroll Powe             0  0  0   0  0   1  2  1  0  0  0/3     7:09   0:00   2:38 
Henrik Zetterberg        1  1  2   0  0   5  4  0  1  0  0/1    16:51   5:24   0:00 
Jamie Langenbrunner      0  0  0   0  2   3  2  2  0  0  0/0    12:53   0:08   2:26 
Jeff Schultz             0  0  0   1  0   2  2  3  0  2  0/0    27:39   5:26   6:12 
John Carlson             0  1  1   1  0   0  3  0  1  0  0/0    18:53   6:02   0:43 
Kris Versteeg            1  0  1   1  0   4  1  0  0  0  0/1    15:16   5:49   0:00 
Logan Couture            1  0  1   1  0   2  3  0  0  0  10/17  17:34   0:56   5:12 
Pierre-Luc Létourneau    0  0  0   1  4   0  0  0  0  0  0/0     6:35   0:16   0:00 
Pierre-Marc Bouchard     1  1  2   1  2   2  3  0  0  0  9/16   15:29   5:31   0:00 
Robert Nilsson           2  1  3   0  0   4  3  0  0  0  16/25  21:06   5:24   2:58 
Sheldon Keefe            0  1  1   1  4   0  2  0  0  1  0/0    10:04   0:00   3:21 
Wayne Simmonds           0  0  0   0  2   1  2  1  0  1  1/3    17:17   4:52   0:54 
Wes O'Neill              0  1  1   0  0   1  1  2  0  1  0/0    17:20   4:05   3:24 

Players Stats for Canadiens

Player Name              G  A  P  +/- PIM S  H  SB GA TA FO     MP     PP MP  PK MP  
------------------------------------------------------------------------------------
Andrei Loktionov         0  1  1   0  0   1  0  0  0  0  3/8     9:28   0:00   0:00 
Brooks Laich             0  0  0  -1  0   2  0  0  0  0  3/8    14:59   4:16   0:39 
Dan Boyle                0  1  1  -2  6   1  0  2  4  0  0/0    26:56   6:51   4:34 
Dennis Wideman           0  0  0  -2  2   3  1  2  0  1  0/0    28:46   6:51   5:30 
Devin Setoguchi          0  0  0   0  0   1  1  0  0  0  0/0     9:35   0:06   0:00 
Drew Miller              0  0  0  -1  2   0  2  0  0  0  0/1    19:21   4:16   4:10 
Dustin Boyd              0  1  1   0  0   0  0  2  1  0  1/2     5:20   0:00   0:00 
Evgeny Dadonov           0  0  0   0  0   0  0  1  0  0  0/0     5:20   0:00   0:00 
Greg Stewart             0  0  0   0  0   2  4  0  0  0  0/0    10:58   0:06   0:27 
Jiri Fischer             1  0  1   1  0   1  1  0  0  0  0/0    22:02   3:28   4:48 
Jonas Hoglund            1  0  1   0  0   2  1  1  0  0  1/2     8:55   0:00   2:20 
Ladislav Smid            0  1  1   1  2   3  0  1  0  0  0/0    21:54   3:28   4:18 
Marc Savard              0  1  1  -1  0   2  2  2  1  0  15/33  23:41   5:57   6:12 
Marek Svatos             1  0  1  -1  0   5  2  1  0  0  1/1    21:26   6:03   3:17 
Patrick Sharp            0  0  0  -1  0   5  2  0  1  0  5/10   23:20   5:57   5:51 
Rene Bourque             0  0  0  -1  2   3  0  0  0  1  1/1    14:29   4:16   0:00 
Torey Krug               0  0  0  -1  0   1  0  0  0  0  0/0    13:13   0:00   3:46 
Wade Redden              0  0  0  -1  0   0  0  1  0  0  0/0     8:42   0:00   0:00 

3 Stars

1 - Robert Nilsson (TB.)
2 - Henrik Zetterberg (TB.)
3 - Pierre-Marc Bouchard (TB.)

Power Play

Lightning - 2 on 7 Attempt(s) - 28,57%
Canadiens - 1 on 7 Attempt(s) - 14,29%

Penalty Kill

Lightning - 6 on 7 Attempt(s) - 85,71% - Score 0 goal in Penalty Kill
Canadiens - 5 on 7 Attempt(s) - 71,43% - Score 0 goal in Penalty Kill

Team Stat

Lightning - Hits : 33 - Faceoff Wins : 36 - Blocked Shots : 13 - Penalty Minutes : 14
Canadiens - Hits : 16 - Faceoff Wins : 30 - Blocked Shots : 13 - Penalty Minutes : 14

Official

Referees : Kimmerly Greg and L'Ecuyer Frederick
Linesman : Don Henderson and Scott Driscoll

Game Notes

6:31 of 1st period - Canadiens goal is going for a video replay. After video review, No Goal. The attacking player has interfered with a goalkeeper in his goal crease.
Tobias Stephan enters game at 16:11 of 2nd period

Finance

Level 1 -- Attendance: 6000 (100,00%) -- Ticket Income 516 000 $
Level 2 -- Attendance: 5000 (100,00%) -- Ticket Income 250 000 $
Level 3 -- Attendance: 1805 (90,25%) -- Ticket Income 55 955 $
Level 4 -- Attendance: 3520 (88,00%) -- Ticket Income 77 440 $
Luxury Box -- Attendance: 814 (81,40%) -- Ticket Income 134 310 $
Game was played at the Centre Bell.
Total Attendance: 17139 (95,22%)
Total Ticket Income: 1 033 705 $
Other Income: 155 056 $
Total Income: 1 188 761 $

Lightning

5 vs 5 Forward 
   Center                   Left Wing                Right Wing               Time % Phy DF OF 
 1 Robert Nilsson           Henrik Zetterberg        Wayne Simmonds           40     1   2  2  
 2 Pierre-Marc Bouchard     Chris Higgins            Kris Versteeg            30     1   2  2  
 3 Logan Couture            Daniel Carcillo          Jamie Langenbrunner      20     1   2  2  
 4 Darroll Powe             Pierre-Luc Létourneau    Sheldon Keefe            10     1   2  2  

5 vs 5 Defense 
   Defense                  Defense                                           Time % Phy DF OF 
 1 Brent Burns              Jeff Schultz                                      40     1   2  2  
 2 John Carlson             Andy Rogers                                       30     1   2  2  
 3 Wes O'Neill              Alexander Sulzer                                  20     1   2  2  
 4 Brent Burns              John Carlson                                      10     1   2  2  

PowerPlay Forward 
   Center                   Left Wing                Right Wing               Time % Phy DF OF 
 1 Robert Nilsson           Henrik Zetterberg        Kris Versteeg            60     1   2  2  
 2 Pierre-Marc Bouchard     Chris Higgins            Wayne Simmonds           40     1   2  2  

PowerPlay Defense
   Defense                  Defense                                           Time % Phy DF OF 
 1 Brent Burns              John Carlson                                      60     1   2  2  
 2 Jeff Schultz             Brent Burns                                       40     1   2  2  

Penalty Kill 4 Players Forward 
   Center                   Wing                     Time % Phy DF OF 
 1 Logan Couture            Sheldon Keefe            60     1   2  2  
 2 Darroll Powe             Jamie Langenbrunner      40     1   2  2  

Penalty Kill 4 Players Defense
   Defense                  Defense                  Time % Phy DF OF 
 1 Andy Rogers              Jeff Schultz             60     1   2  2  
 2 Brent Burns              Wes O'Neill              40     1   2  2  

Penalty Kill - 3 Players Forward 
   Forward                                           Time % Phy DF OF 
 1 Wayne Simmonds                                    60     1   2  2  
 2 Logan Couture                                     40     1   2  2  

Penalty Kill - 3 Players Defense
   Defense                  Defense                  Time % Phy DF OF 
 1 Brent Burns              Jeff Schultz             60     1   2  2  
 2 John Carlson             Andy Rogers              40     1   2  2  

4 vs 4 Forward 
   Center                   Wing                     Time % Phy DF OF 
 1 Robert Nilsson           Kris Versteeg            60     1   2  2  
 2 Pierre-Marc Bouchard     Henrik Zetterberg        40     1   2  2  

4 vs 4 Defense
   Defense                  Defense                  Time % Phy DF OF 
 1 Brent Burns              Jeff Schultz             60     1   2  2  
 2 John Carlson             Andy Rogers              40     1   2  2  

Last Minutes Offensive
   Center                   Left Wing                Right Wing               Defense                  Defense                  
   Robert Nilsson           Henrik Zetterberg        Kris Versteeg            Brent Burns              John Carlson             

Last Minutes Defensive
   Center                   Left Wing                Right Wing               Defense                  Defense                  
   Robert Nilsson           Henrik Zetterberg        Wayne Simmonds           Andy Rogers              Jeff Schultz             

Goaltenders
Starting : Tyler Weiman             
Backup : Erik Ersberg             

Extra Forwards
Normal : Logan Couture, Daniel Carcillo, Sheldon Keefe - PP : Logan Couture, Daniel Carcillo - PK : Robert Nilsson
Extra Defensemen
Normal : Wes O'Neill, Alexander Sulzer, John Carlson - PP : Wes O'Neill - PK : Andy Rogers, John Carlson
Penalty Shots
Henrik Zetterberg, Robert Nilsson, Logan Couture, Chris Higgins, Daniel Carcillo

Canadiens

5 vs 5 Forward 
   Center                   Left Wing                Right Wing               Time % Phy DF OF 
 1 Marc Savard              Patrick Sharp            Marek Svatos             40     1   2  2  
 2 Brooks Laich             Drew Miller              Rene Bourque             30     1   2  2  
 3 Andrei Loktionov         Greg Stewart             Devin Setoguchi          20     1   2  2  
 4 Dustin Boyd              Evgeny Dadonov           Jonas Hoglund            10     1   2  2  

5 vs 5 Defense 
   Defense                  Defense                                           Time % Phy DF OF 
 1 Dennis Wideman           Dan Boyle                                         40     1   2  2  
 2 Ladislav Smid            Jiri Fischer                                      30     1   2  2  
 3 Wade Redden              Torey Krug                                        20     1   2  2  
 4 Dennis Wideman           Dan Boyle                                         10     1   2  2  

PowerPlay Forward 
   Center                   Left Wing                Right Wing               Time % Phy DF OF 
 1 Marc Savard              Patrick Sharp            Marek Svatos             60     1   2  2  
 2 Brooks Laich             Drew Miller              Rene Bourque             40     1   2  2  

PowerPlay Defense
   Defense                  Defense                                           Time % Phy DF OF 
 1 Dennis Wideman           Dan Boyle                                         60     1   2  2  
 2 Ladislav Smid            Jiri Fischer                                      40     1   2  2  

Penalty Kill 4 Players Forward 
   Center                   Wing                     Time % Phy DF OF 
 1 Patrick Sharp            Marc Savard              60     1   2  2  
 2 Drew Miller              Marek Svatos             40     1   2  2  

Penalty Kill 4 Players Defense
   Defense                  Defense                  Time % Phy DF OF 
 1 Dennis Wideman           Dan Boyle                60     1   2  2  
 2 Ladislav Smid            Jiri Fischer             40     1   2  2  

Penalty Kill - 3 Players Forward 
   Forward                                           Time % Phy DF OF 
 1 Patrick Sharp                                     60     1   2  2  
 2 Marc Savard                                       40     1   2  2  

Penalty Kill - 3 Players Defense
   Defense                  Defense                  Time % Phy DF OF 
 1 Dennis Wideman           Dan Boyle                60     1   2  2  
 2 Ladislav Smid            Jiri Fischer             40     1   2  2  

4 vs 4 Forward 
   Center                   Wing                     Time % Phy DF OF 
 1 Patrick Sharp            Marc Savard              60     1   2  2  
 2 Drew Miller              Marek Svatos             40     1   2  2  

4 vs 4 Defense
   Defense                  Defense                  Time % Phy DF OF 
 1 Dennis Wideman           Dan Boyle                60     1   2  2  
 2 Ladislav Smid            Jiri Fischer             40     1   2  2  

Last Minutes Offensive
   Center                   Left Wing                Right Wing               Defense                  Defense                  
   Marc Savard              Patrick Sharp            Marek Svatos             Dennis Wideman           Dan Boyle                

Last Minutes Defensive
   Center                   Left Wing                Right Wing               Defense                  Defense                  
   Marc Savard              Patrick Sharp            Marek Svatos             Dennis Wideman           Dan Boyle                

Goaltenders
Starting : Jonathan Bernier         
Backup : Tobias Stephan           

Extra Forwards
Normal : Greg Stewart, Devin Setoguchi, Jonas Hoglund - PP : Greg Stewart, Devin Setoguchi - PK : Jonas Hoglund
Extra Defensemen
Normal : Wade Redden, Torey Krug, Ladislav Smid - PP : Wade Redden - PK : Torey Krug, Ladislav Smid
Penalty Shots
Patrick Sharp, Marc Savard, Drew Miller, Marek Svatos, Greg Stewart

% Time on Ice - Lightning

Lines # - Real PCT - Wanted PCT - Time Play
Normal Forward
1 - 37% - 40% - 14:16
2 - 25% - 30% - 9:36
3 - 26% - 20% - 9:56
4 - 12% - 10% - 4:25
Normal Defense
1 - 41% - 40% - 15:31
2 - 33% - 30% - 12:44
3 - 23% - 20% - 8:50
4 - 3% - 10% - 1:08
PP Forward
1 - 52% - 60% - 5:57
2 - 48% - 40% - 5:31
PP Defense
1 - 53% - 60% - 6:02
2 - 47% - 40% - 5:26
PK Forward
1 - 73% - 60% - 6:08
2 - 27% - 40% - 2:19
PK Defense
1 - 60% - 60% - 5:03
2 - 40% - 40% - 3:24
PK3 Forward
1 - 76% - 60% - 1:25
2 - 24% - 40% - 0:27
PK3 Defense
1 - 62% - 60% - 1:09
2 - 38% - 40% - 0:43
44 Forward
1 - 0% - 60%
2 - 0% - 40%
44 Defense
1 - 0% - 60%
2 - 0% - 40%
Last Minute Offensive  - 0:00
Last Minute Defensive  - 0:00
Total
Forward - 60:00
Defense - 60:00

% Time on Ice - Canadiens

Lines # - Real PCT - Wanted PCT - Time Play
Normal Forward
1 - 33% - 40% - 12:48
2 - 28% - 30% - 10:37
3 - 25% - 20% - 9:28
4 - 14% - 10% - 5:20
Normal Defense
1 - 43% - 40% - 16:22
2 - 34% - 30% - 13:05
3 - 23% - 20% - 8:42
4 - 0% - 10% - 0:04
PP Forward
1 - 59% - 60% - 6:03
2 - 41% - 40% - 4:16
PP Defense
1 - 66% - 60% - 6:51
2 - 34% - 40% - 3:28
PK Forward
1 - 70% - 60% - 8:01
2 - 30% - 40% - 3:27
PK Defense
1 - 61% - 60% - 6:58
2 - 39% - 40% - 4:30
PK3 Forward
1 - 0% - 60%
2 - 0% - 40%
PK3 Defense
1 - 0% - 60%
2 - 0% - 40%
44 Forward
1 - 0% - 60%
2 - 0% - 40%
44 Defense
1 - 0% - 60%
2 - 0% - 40%
Last Minute Offensive  - 0:00
Last Minute Defensive  - 0:00
Total
Forward - 60:00
Defense - 60:00

Play by Play

1st period


0:01 of 1st period - Marc Savard wins face-off versus Robert Nilsson in neutral zone.
0:04 of 1st period - Snap shot by Patrick Sharp.
0:04 of 1st period - Stopped by Tyler Weiman without a rebound.
0:05 of 1st period - Robert Nilsson wins face-off versus Marc Savard in Lightning zone.
0:05 of 1st period - Robert Nilsson is hit by Patrick Sharp.
0:39 of 1st period - Snap shot by Marek Svatos.
0:39 of 1st period - Shot Misses the Net.
0:41 of 1st period - Wrist shot by Dennis Wideman.
0:41 of 1st period - Stopped by Tyler Weiman with a rebound.
0:47 of 1st period - Snap shot by Marc Savard.
0:47 of 1st period - Shot Misses the Net.
0:49 of 1st period - Snap shot by Marek Svatos.
0:49 of 1st period - Shot Misses the Net.
1:05 of 1st period - Wrist shot by Patrick Sharp.
1:05 of 1st period - Shot Misses the Net.
1:07 of 1st period - Slapshot by Dan Boyle.
1:07 of 1st period - Shot Misses the Net.
1:09 of 1st period - Snap shot by Patrick Sharp.
1:09 of 1st period - Shot Misses the Net.
1:11 of 1st period - Slapshot by Dennis Wideman.
1:11 of 1st period - Shot Blocked by Jeff Schultz.
1:13 of 1st period - Snap shot by Marek Svatos.
1:13 of 1st period - Shot Misses the Net.
1:16 of 1st period - Minor Penalty to Dan Boyle for Tripping.
1:17 of 1st period - Jonas Hoglund wins face-off versus Pierre-Marc Bouchard in Canadiens zone.
1:34 of 1st period - Drew Miller is hit by Pierre-Marc Bouchard.
1:46 of 1st period - Drew Miller is hit by Kris Versteeg.
3:09 of 1st period - Ladislav Smid is hit by John Carlson and loses puck.
3:16 of 1st period - Penalty to Dan Boyle is over, Dan Boyle is back on ice.
3:32 of 1st period - Ladislav Smid is hit by John Carlson and loses puck.
3:56 of 1st period - Wrist shot by Devin Setoguchi.
3:56 of 1st period - Shot Misses the Net.
3:58 of 1st period - Slapshot by Greg Stewart.
3:58 of 1st period - Deflect By Devin Setoguchi.
3:58 of 1st period - Stopped by Tyler Weiman with a rebound.
4:00 of 1st period - Wrist shot by Greg Stewart.
4:00 of 1st period - Shot Blocked by Chris Higgins.
4:02 of 1st period - Slapshot by Torey Krug.
4:02 of 1st period - Deflect By Alexander Sulzer.
4:02 of 1st period - Stopped by Tyler Weiman with a rebound.
4:22 of 1st period - Wrist shot by Jonas Hoglund.
4:22 of 1st period - Stopped by Tyler Weiman with a rebound.
4:24 of 1st period - Slapshot by Dustin Boyd.
4:24 of 1st period - Shot Misses the Net.
4:54 of 1st period - Wrist shot by Logan Couture.
4:54 of 1st period - Shot Misses the Net.
4:56 of 1st period - Slapshot by Wes O'Neill.
4:56 of 1st period - Stopped by Jonathan Bernier with a rebound.
5:20 of 1st period - Brooks Laich is hit by Darroll Powe and loses puck.
5:25 of 1st period - Snap shot by Darroll Powe.
5:25 of 1st period - Shot Misses the Net.
6:17 of 1st period - Minor Penalty to Sheldon Keefe for High sticking.
6:18 of 1st period - Marc Savard wins face-off versus Logan Couture in Lightning zone.
6:29 of 1st period - Wrist shot by Patrick Sharp.
6:29 of 1st period - Shot Blocked by Jeff Schultz.
6:31 of 1st period - Wrist shot by Patrick Sharp.
6:31 of 1st period - Canadiens goal is going for a video replay.
6:31 of 1st period - The goal is refused. The attacking player has interfered with a goalkeeper in his goal crease..
6:32 of 1st period - Logan Couture wins face-off versus Marc Savard in Lightning zone.
6:47 of 1st period - Snap shot by Marek Svatos.
6:47 of 1st period - Stopped by Tyler Weiman with a rebound.
7:01 of 1st period - Slapshot by Dennis Wideman.
7:01 of 1st period - Deflect By Rene Bourque.
7:01 of 1st period - Shot Misses the Net.
7:01 of 1st period - Puck is out of play.
7:02 of 1st period - Marc Savard wins face-off versus Logan Couture in Lightning zone.
7:03 of 1st period - Snap shot by Marek Svatos.
7:03 of 1st period - Shot Misses the Net.
7:05 of 1st period - Wrist shot by Patrick Sharp.
7:05 of 1st period - Stopped by Tyler Weiman with a rebound.
7:07 of 1st period - Snap shot by Marc Savard.
7:07 of 1st period - Stopped by Tyler Weiman with a rebound.
7:09 of 1st period - Snap shot by Marek Svatos.
7:09 of 1st period - Deflect By Patrick Sharp.
7:09 of 1st period - Stopped by Tyler Weiman with a rebound.
7:11 of 1st period - Snap shot by Marc Savard.
7:11 of 1st period - Shot Blocked by Wes O'Neill.
7:13 of 1st period - Wrist shot by Marek Svatos.
7:13 of 1st period - Stopped by Tyler Weiman with a rebound.
7:36 of 1st period - Dennis Wideman is hit by Brent Burns and loses puck.
8:15 of 1st period - Ladislav Smid is hit by Andy Rogers and loses puck.
8:17 of 1st period - Penalty to Sheldon Keefe is over, Sheldon Keefe is back on ice.
8:53 of 1st period - Torey Krug is hit by John Carlson and loses puck.
9:12 of 1st period - Snap shot by Rene Bourque.
9:12 of 1st period - Shot Blocked by Darroll Powe.
9:14 of 1st period - Wrist shot by Drew Miller.
9:14 of 1st period - Shot Misses the Net.
9:20 of 1st period - Minor Penalty to Pierre-Luc Létourneau for Hooking.
9:21 of 1st period - Logan Couture wins face-off versus Marc Savard in Lightning zone.
10:34 of 1st period - Wrist shot by Logan Couture.
10:34 of 1st period - Shot Misses the Net.
11:20 of 1st period - Penalty to Pierre-Luc Létourneau is over, Pierre-Luc Létourneau is back on ice.
11:39 of 1st period - Slapshot by Chris Higgins.
11:39 of 1st period - Shot Misses the Net.
11:53 of 1st period - Wrist shot by Chris Higgins.
11:53 of 1st period - Deflect By Kris Versteeg.
11:53 of 1st period - Shot Misses the Net.
11:53 of 1st period - Puck is out of play.
11:54 of 1st period - Pierre-Marc Bouchard wins face-off versus Andrei Loktionov in Canadiens zone.
12:07 of 1st period - Wrist shot by Kris Versteeg.
12:07 of 1st period - Deflect By Ladislav Smid.
12:07 of 1st period - Shot Misses the Net.
12:07 of 1st period - Puck is out of play.
12:08 of 1st period - Pierre-Marc Bouchard wins face-off versus Marc Savard in Canadiens zone.
12:11 of 1st period - Snap shot by Kris Versteeg.
12:11 of 1st period - Stopped by Jonathan Bernier with a rebound.
12:13 of 1st period - Slapshot by John Carlson.
12:13 of 1st period - Shot Misses the Net.
12:15 of 1st period - Slapshot by John Carlson.
12:15 of 1st period - Shot Blocked by Marek Svatos.
12:35 of 1st period - Brent Burns is hit by Drew Miller and loses puck.
13:19 of 1st period - Wrist shot by Darroll Powe.
13:19 of 1st period - Stopped by Jonathan Bernier without a rebound.
13:20 of 1st period - Marc Savard wins face-off versus Darroll Powe in Canadiens zone.
13:20 of 1st period - Marc Savard is hit by Darroll Powe.
13:30 of 1st period - Wrist shot by Marek Svatos.
13:30 of 1st period - Deflect By Marc Savard.
13:30 of 1st period - Shot Blocked by Andy Rogers.
13:30 of 1st period - Puck is out of play.
13:31 of 1st period - Robert Nilsson wins face-off versus Marc Savard in Lightning zone.
13:40 of 1st period - Snap shot by Robert Nilsson.
13:40 of 1st period - Shot Misses the Net.
13:42 of 1st period - Snap shot by Robert Nilsson.
13:42 of 1st period - Shot Misses the Net.
13:44 of 1st period - Snap shot by Henrik Zetterberg.
13:44 of 1st period - Stopped by Jonathan Bernier with a rebound.
13:46 of 1st period - Wrist shot by Henrik Zetterberg.
13:46 of 1st period - Stopped by Jonathan Bernier without a rebound.
13:47 of 1st period - Pierre-Marc Bouchard wins face-off versus Brooks Laich in Canadiens zone.
13:54 of 1st period - Snap shot by Pierre-Marc Bouchard.
13:54 of 1st period - Stopped by Jonathan Bernier without a rebound.
13:55 of 1st period - Pierre-Marc Bouchard wins face-off versus Brooks Laich in Canadiens zone.
14:10 of 1st period - Snap shot by Kris Versteeg.
14:10 of 1st period - Shot Misses the Net.
14:12 of 1st period - Slapshot by Kris Versteeg.
14:12 of 1st period - Goal by Kris Versteeg - Lightning : 1 - Canadiens : 0.
14:13 of 1st period - Robert Nilsson wins face-off versus Marc Savard in neutral zone.
14:19 of 1st period - Minor Penalty to Dan Boyle for Holding.
14:20 of 1st period - Robert Nilsson wins face-off versus Marc Savard in Canadiens zone.
14:20 of 1st period - Wrist shot by Henrik Zetterberg.
14:20 of 1st period - Goal by Henrik Zetterberg - Lightning : 2 - Canadiens : 0.
14:21 of 1st period - Wayne Simmonds wins face-off versus Marc Savard in neutral zone.
14:55 of 1st period - Snap shot by Kris Versteeg.
14:55 of 1st period - Stopped by Jonathan Bernier with a rebound.
14:57 of 1st period - Snap shot by Chris Higgins.
14:57 of 1st period - Stopped by Jonathan Bernier without a rebound.
14:58 of 1st period - Robert Nilsson wins face-off versus Brooks Laich in Canadiens zone.
16:12 of 1st period - Off-side.
16:13 of 1st period - Robert Nilsson wins face-off versus Dustin Boyd in neutral zone.
16:18 of 1st period - Slapshot by Brent Burns.
16:18 of 1st period - Deflect By Robert Nilsson.
16:18 of 1st period - Goal by Robert Nilsson - Lightning : 3 - Canadiens : 0.
16:19 of 1st period - Robert Nilsson wins face-off versus Marc Savard in neutral zone.
16:24 of 1st period - Backhand shot by Wayne Simmonds.
16:24 of 1st period - Shot Blocked by Marc Savard.
16:26 of 1st period - Minor Penalty to Dan Boyle for Roughing.
16:27 of 1st period - Patrick Sharp wins face-off versus Kris Versteeg in Canadiens zone.
16:54 of 1st period - Dennis Wideman is hit by Wayne Simmonds.
17:26 of 1st period - Snap shot by Ladislav Smid.
17:26 of 1st period - Stopped by Tyler Weiman with a rebound.
17:28 of 1st period - Slapshot by Dennis Wideman.
17:28 of 1st period - Stopped by Tyler Weiman without a rebound.
17:29 of 1st period - Robert Nilsson wins face-off versus Drew Miller in Lightning zone.
17:53 of 1st period - Torey Krug is hit by Wayne Simmonds and loses puck.
18:26 of 1st period - Penalty to Dan Boyle is over, Dan Boyle is back on ice.
19:14 of 1st period - Snap shot by Dustin Boyd.
19:14 of 1st period - Shot Blocked by Andy Rogers.
19:37 of 1st period - Snap shot by Logan Couture.
19:37 of 1st period - Deflect By Daniel Carcillo.
19:37 of 1st period - Shot Misses the Net.
19:37 of 1st period - Puck is out of play.
19:38 of 1st period - Logan Couture wins face-off versus Marc Savard in Canadiens zone.
19:39 of 1st period - Wrist shot by Jamie Langenbrunner.
19:39 of 1st period - Stopped by Jonathan Bernier without a rebound.
19:40 of 1st period - Marc Savard wins face-off versus Logan Couture in Canadiens zone.
19:52 of 1st period - Brent Burns is hit by Marek Svatos and loses puck.
Goals for this period are 3 for Lightning vs 0 for Canadiens.
Shots for this period are 12 for Lightning vs 13 for Canadiens.

2nd period


0:01 of 2nd period - Marc Savard wins face-off versus Robert Nilsson in neutral zone.
0:06 of 2nd period - Slapshot by Marc Savard.
0:06 of 2nd period - Stopped by Tyler Weiman with a rebound.
0:49 of 2nd period - Off-side.
0:50 of 2nd period - Logan Couture wins face-off versus Andrei Loktionov in neutral zone.
1:47 of 2nd period - Icing by Brooks Laich.
1:48 of 2nd period - Brooks Laich wins face-off versus Robert Nilsson in Canadiens zone.
1:48 of 2nd period - Brooks Laich is hit by Henrik Zetterberg.
1:53 of 2nd period - Dennis Wideman is hit by Brent Burns and loses puck.
2:04 of 2nd period - Wrist shot by Rene Bourque.
2:04 of 2nd period - Stopped by Tyler Weiman without a rebound.
2:05 of 2nd period - Marc Savard wins face-off versus Pierre-Marc Bouchard in Lightning zone.
2:14 of 2nd period - Snap shot by Marek Svatos.
2:14 of 2nd period - Stopped by Tyler Weiman with a rebound.
2:16 of 2nd period - Minor Penalty to Pierre-Marc Bouchard for Tripping.
2:17 of 2nd period - Logan Couture wins face-off versus Marc Savard in Lightning zone.
2:24 of 2nd period - Snap shot by Logan Couture.
2:24 of 2nd period - Stopped by Jonathan Bernier with a rebound.
2:26 of 2nd period - Snap shot by Andy Rogers.
2:26 of 2nd period - Shot Blocked by Dan Boyle.
2:42 of 2nd period - Sheldon Keefe is hit by Drew Miller and loses puck.
2:54 of 2nd period - Snap shot by Brooks Laich.
2:54 of 2nd period - Stopped by Tyler Weiman with a rebound.
4:16 of 2nd period - Penalty to Pierre-Marc Bouchard is over, Pierre-Marc Bouchard is back on ice.
4:32 of 2nd period - Snap shot by Andrei Loktionov.
4:32 of 2nd period - Shot Misses the Net.
4:51 of 2nd period - Icing by Kris Versteeg.
4:52 of 2nd period - Pierre-Marc Bouchard wins face-off versus Andrei Loktionov in Lightning zone.
4:52 of 2nd period - Pierre-Marc Bouchard is hit by Devin Setoguchi.
5:17 of 2nd period - Slapshot by Jamie Langenbrunner.
5:17 of 2nd period - Shot Blocked by Dustin Boyd.
5:19 of 2nd period - Slapshot by Andy Rogers.
5:19 of 2nd period - Shot Blocked by Ladislav Smid.
5:29 of 2nd period - Jonas Hoglund is hit by Henrik Zetterberg.
5:35 of 2nd period - Wrist shot by Dustin Boyd.
5:35 of 2nd period - Shot Blocked by Wayne Simmonds.
5:37 of 2nd period - Snap shot by Jonas Hoglund.
5:37 of 2nd period - Goal by Jonas Hoglund - Lightning : 3 - Canadiens : 1.
5:38 of 2nd period - Robert Nilsson wins face-off versus Marc Savard in neutral zone.
5:49 of 2nd period - Wrist shot by Henrik Zetterberg.
5:49 of 2nd period - Stopped by Jonathan Bernier with a rebound.
6:17 of 2nd period - Snap shot by Pierre-Marc Bouchard.
6:17 of 2nd period - Shot Misses the Net.
6:34 of 2nd period - Off-side.
6:35 of 2nd period - Robert Nilsson wins face-off versus Marc Savard in neutral zone.
6:38 of 2nd period - Marc Savard is hit by Robert Nilsson.
7:12 of 2nd period - Snap shot by Drew Miller.
7:12 of 2nd period - Shot Misses the Net.
7:34 of 2nd period - Minor Penalty to Jamie Langenbrunner for Holding.
7:35 of 2nd period - Marek Svatos wins face-off versus Logan Couture in Lightning zone.
7:37 of 2nd period - Snap shot by Marek Svatos.
7:37 of 2nd period - Stopped by Tyler Weiman without a rebound.
7:38 of 2nd period - Logan Couture wins face-off versus Marc Savard in Lightning zone.
7:38 of 2nd period - Logan Couture is hit by Dennis Wideman.
7:41 of 2nd period - Minor Penalty to Sheldon Keefe for Holding Stick.
7:42 of 2nd period - Marc Savard wins face-off versus Wayne Simmonds in Lightning zone.
9:34 of 2nd period - Penalty to Jamie Langenbrunner is over, Jamie Langenbrunner is back on ice.
9:35 of 2nd period - Marek Svatos is hit by Robert Nilsson and loses puck.
9:41 of 2nd period - Penalty to Sheldon Keefe is over, Sheldon Keefe is back on ice.
9:52 of 2nd period - Backhand shot by Robert Nilsson.
9:52 of 2nd period - Shot Misses the Net.
9:54 of 2nd period - Wrist shot by Robert Nilsson.
9:54 of 2nd period - Shot Blocked by Evgeny Dadonov.
9:58 of 2nd period - Snap shot by Robert Nilsson.
9:58 of 2nd period - Shot Blocked by Wade Redden.
10:00 of 2nd period - Slapshot by Robert Nilsson.
10:00 of 2nd period - Shot Blocked by Dustin Boyd.
10:02 of 2nd period - Slapshot by Brent Burns.
10:02 of 2nd period - Shot Misses the Net.
10:04 of 2nd period - Snap shot by Jamie Langenbrunner.
10:04 of 2nd period - Stopped by Jonathan Bernier without a rebound.
10:05 of 2nd period - Andrei Loktionov wins face-off versus Pierre-Marc Bouchard in Canadiens zone.
10:14 of 2nd period - Slapshot by Jiri Fischer.
10:14 of 2nd period - Shot Blocked by Wes O'Neill.
10:16 of 2nd period - Snap shot by Andrei Loktionov.
10:16 of 2nd period - Stopped by Tyler Weiman with a rebound.
10:18 of 2nd period - Slapshot by Jiri Fischer.
10:18 of 2nd period - Goal by Jiri Fischer - Lightning : 3 - Canadiens : 2.
10:19 of 2nd period - Marc Savard wins face-off versus Robert Nilsson in neutral zone.
11:07 of 2nd period - Drew Miller is hit by Logan Couture and loses puck.
11:38 of 2nd period - Snap shot by Drew Miller.
11:38 of 2nd period - Deflect By Brooks Laich.
11:38 of 2nd period - Stopped by Tyler Weiman with a rebound.
11:40 of 2nd period - Slapshot by Ladislav Smid.
11:40 of 2nd period - Deflect By Daniel Carcillo.
11:40 of 2nd period - Stopped by Tyler Weiman without a rebound.
11:41 of 2nd period - Marc Savard wins face-off versus Wayne Simmonds in Lightning zone.
12:08 of 2nd period - Dennis Wideman is hit by Jeff Schultz and loses puck.
12:29 of 2nd period - Snap shot by Kris Versteeg.
12:29 of 2nd period - Deflect By Sheldon Keefe.
12:29 of 2nd period - Shot Misses the Net.
12:29 of 2nd period - Puck is out of play.
12:30 of 2nd period - Dustin Boyd wins face-off versus Darroll Powe in Canadiens zone.
12:46 of 2nd period - Minor Penalty to Pierre-Luc Létourneau for Hooking.
12:47 of 2nd period - Marc Savard wins face-off versus Logan Couture in Lightning zone.
13:13 of 2nd period - Drew Miller is hit by Jamie Langenbrunner and loses puck.
14:46 of 2nd period - Penalty to Pierre-Luc Létourneau is over, Pierre-Luc Létourneau is back on ice.
15:03 of 2nd period - Pierre-Luc Létourneau is hit by Jonas Hoglund and loses puck.
15:25 of 2nd period - Greg Stewart is hit by Andy Rogers and loses puck.
15:44 of 2nd period - Alexander Sulzer is hit by Greg Stewart and loses puck.
15:53 of 2nd period - Andrei Loktionov is hit by Sheldon Keefe.
16:02 of 2nd period - Ladislav Smid is hit by Logan Couture and loses puck.
16:07 of 2nd period - Wrist shot by Brent Burns.
16:07 of 2nd period - Stopped by Jonathan Bernier with a rebound.
16:11 of 2nd period - Wrist shot by Logan Couture.
16:11 of 2nd period - Goal by Logan Couture - Lightning : 4 - Canadiens : 2.
16:11 of 2nd period - Tobias Stephan enters game.
16:12 of 2nd period - Patrick Sharp wins face-off versus Pierre-Marc Bouchard in neutral zone.
16:52 of 2nd period - Snap shot by Robert Nilsson.
16:52 of 2nd period - Stopped by Tobias Stephan with a rebound.
16:58 of 2nd period - Minor Penalty to Rene Bourque for Hooking.
16:59 of 2nd period - Patrick Sharp wins face-off versus Robert Nilsson in Canadiens zone.
17:12 of 2nd period - Slapshot by John Carlson.
17:12 of 2nd period - Shot Blocked by Dennis Wideman.
17:26 of 2nd period - Dennis Wideman is hit by Brent Burns and loses puck.
17:33 of 2nd period - Slapshot by Pierre-Marc Bouchard.
17:33 of 2nd period - Shot Misses the Net.
17:49 of 2nd period - Marek Svatos is hit by Jeff Schultz and loses puck.
18:05 of 2nd period - Icing by Robert Nilsson.
18:06 of 2nd period - Robert Nilsson wins face-off versus Jonas Hoglund in Lightning zone.
18:58 of 2nd period - Penalty to Rene Bourque is over, Rene Bourque is back on ice.
19:16 of 2nd period - Icing by Daniel Carcillo.
19:17 of 2nd period - Logan Couture wins face-off versus Andrei Loktionov in Lightning zone.
19:27 of 2nd period - Andrei Loktionov is hit by Logan Couture and loses puck.
19:42 of 2nd period - Jamie Langenbrunner is hit by Greg Stewart and loses puck.
19:49 of 2nd period - Greg Stewart is hit by Jamie Langenbrunner.
Goals for this period are 1 for Lightning vs 2 for Canadiens.
Shots for this period are 6 for Lightning vs 10 for Canadiens.

3rd period


0:01 of 3rd period - Robert Nilsson wins face-off versus Marc Savard in neutral zone.
0:15 of 3rd period - Off-side.
0:16 of 3rd period - Rene Bourque wins face-off versus Pierre-Marc Bouchard in neutral zone.
0:19 of 3rd period - Snap shot by Dennis Wideman.
0:19 of 3rd period - Stopped by Tyler Weiman without a rebound.
0:20 of 3rd period - Pierre-Marc Bouchard wins face-off versus Brooks Laich in Lightning zone.
0:29 of 3rd period - Snap shot by Rene Bourque.
0:29 of 3rd period - Stopped by Tyler Weiman with a rebound.
0:49 of 3rd period - Dennis Wideman is hit by Henrik Zetterberg and loses puck.
0:56 of 3rd period - Brent Burns is hit by Marc Savard and loses puck.
1:18 of 3rd period - Minor Penalty to Ladislav Smid for Holding.
1:19 of 3rd period - Robert Nilsson wins face-off versus Patrick Sharp in Canadiens zone.
1:19 of 3rd period - Snap shot by Henrik Zetterberg.
1:19 of 3rd period - Stopped by Tobias Stephan without a rebound.
1:20 of 3rd period - Robert Nilsson wins face-off versus Patrick Sharp in Canadiens zone.
1:33 of 3rd period - Wrist shot by Kris Versteeg.
1:33 of 3rd period - Stopped by Tobias Stephan with a rebound.
1:35 of 3rd period - Slapshot by John Carlson.
1:35 of 3rd period - Shot Blocked by Marc Savard.
1:37 of 3rd period - Wrist shot by Robert Nilsson.
1:37 of 3rd period - Stopped by Tobias Stephan without a rebound.
1:38 of 3rd period - Pierre-Marc Bouchard wins face-off versus Patrick Sharp in Canadiens zone.
1:45 of 3rd period - Wrist shot by Chris Higgins.
1:45 of 3rd period - Deflect By Wayne Simmonds.
1:45 of 3rd period - Stopped by Tobias Stephan without a rebound.
1:46 of 3rd period - Pierre-Marc Bouchard wins face-off versus Patrick Sharp in Canadiens zone.
2:16 of 3rd period - Snap shot by Pierre-Marc Bouchard.
2:16 of 3rd period - Shot Blocked by Dan Boyle.
3:18 of 3rd period - Penalty to Ladislav Smid is over, Ladislav Smid is back on ice.
3:30 of 3rd period - Wrist shot by Daniel Carcillo.
3:30 of 3rd period - Stopped by Tobias Stephan with a rebound.
3:34 of 3rd period - Wrist shot by Jamie Langenbrunner.
3:34 of 3rd period - Stopped by Tobias Stephan with a rebound.
3:46 of 3rd period - Alexander Sulzer is hit by Greg Stewart and loses puck.
4:42 of 3rd period - Snap shot by Greg Stewart.
4:42 of 3rd period - Stopped by Tyler Weiman without a rebound.
4:43 of 3rd period - Logan Couture wins face-off versus Andrei Loktionov in Lightning zone.
4:47 of 3rd period - Icing by Jamie Langenbrunner.
4:48 of 3rd period - Logan Couture wins face-off versus Marc Savard in Lightning zone.
4:48 of 3rd period - Logan Couture is hit by Marc Savard.
6:01 of 3rd period - Slapshot by Jeff Schultz.
6:01 of 3rd period - Stopped by Tobias Stephan without a rebound.
6:02 of 3rd period - Marc Savard wins face-off versus Robert Nilsson in Canadiens zone.
6:04 of 3rd period - Minor Penalty to Dennis Wideman for Holding.
6:05 of 3rd period - Patrick Sharp wins face-off versus Robert Nilsson in Canadiens zone.
6:15 of 3rd period - Wrist shot by Patrick Sharp.
6:15 of 3rd period - Stopped by Tyler Weiman with a rebound.
8:04 of 3rd period - Penalty to Dennis Wideman is over, Dennis Wideman is back on ice.
8:18 of 3rd period - Snap shot by Logan Couture.
8:18 of 3rd period - Shot Misses the Net.
8:26 of 3rd period - Snap shot by Dennis Wideman.
8:26 of 3rd period - Shot Misses the Net.
8:28 of 3rd period - Wrist shot by Greg Stewart.
8:28 of 3rd period - Shot Blocked by Daniel Carcillo.
8:30 of 3rd period - Snap shot by Jonas Hoglund.
8:30 of 3rd period - Shot Blocked by Jamie Langenbrunner.
8:32 of 3rd period - Slapshot by Dennis Wideman.
8:32 of 3rd period - Shot Misses the Net.
8:44 of 3rd period - Snap shot by Dennis Wideman.
8:44 of 3rd period - Deflect By Greg Stewart.
8:44 of 3rd period - Shot Misses the Net.
8:44 of 3rd period - Puck is out of play.
8:45 of 3rd period - Brooks Laich wins face-off versus Darroll Powe in Lightning zone.
10:20 of 3rd period - Robert Nilsson is hit by Jiri Fischer and loses puck.
10:37 of 3rd period - Snap shot by Henrik Zetterberg.
10:37 of 3rd period - Shot Blocked by Dennis Wideman.
10:39 of 3rd period - Backhand shot by Jeff Schultz.
10:39 of 3rd period - Stopped by Tobias Stephan with a rebound.
10:41 of 3rd period - Slapshot by Brent Burns.
10:41 of 3rd period - Shot Misses the Net.
11:54 of 3rd period - Brooks Laich is hit by Sheldon Keefe and loses puck.
12:16 of 3rd period - Slapshot by Ladislav Smid.
12:16 of 3rd period - Stopped by Tyler Weiman with a rebound.
12:32 of 3rd period - Snap shot by Kris Versteeg.
12:32 of 3rd period - Shot Misses the Net.
12:34 of 3rd period - Slapshot by Alexander Sulzer.
12:34 of 3rd period - Shot Misses the Net.
12:46 of 3rd period - Wrist shot by John Carlson.
12:46 of 3rd period - Shot Blocked by Jonas Hoglund.
14:10 of 3rd period - Wrist shot by Pierre-Marc Bouchard.
14:10 of 3rd period - Goal by Pierre-Marc Bouchard - Lightning : 5 - Canadiens : 2.
14:11 of 3rd period - Robert Nilsson wins face-off versus Marc Savard in neutral zone.
14:40 of 3rd period - Wrist shot by Drew Miller.
14:40 of 3rd period - Shot Blocked by Jeff Schultz.
14:42 of 3rd period - Snap shot by Dan Boyle.
14:42 of 3rd period - Stopped by Tyler Weiman without a rebound.
14:43 of 3rd period - Pierre-Marc Bouchard wins face-off versus Brooks Laich in Lightning zone.
14:54 of 3rd period - Rene Bourque is hit by Wes O'Neill and loses puck.
15:00 of 3rd period - Off-side.
15:01 of 3rd period - Marc Savard wins face-off versus Robert Nilsson in neutral zone.
15:01 of 3rd period - Marc Savard is hit by Robert Nilsson.
15:06 of 3rd period - Minor Penalty to Wayne Simmonds for Interference.
15:07 of 3rd period - Logan Couture wins face-off versus Marc Savard in Lightning zone.
15:19 of 3rd period - Snap shot by Marek Svatos.
15:19 of 3rd period - Shot Misses the Net.
15:23 of 3rd period - Wrist shot by Marek Svatos.
15:23 of 3rd period - Goal by Marek Svatos - Lightning : 5 - Canadiens : 3.
15:24 of 3rd period - Andrei Loktionov wins face-off versus Logan Couture in neutral zone.
15:33 of 3rd period - Brent Burns is hit by Greg Stewart and loses puck.
16:11 of 3rd period - Minor Penalty to Drew Miller for Holding.
16:12 of 3rd period - Robert Nilsson wins face-off versus Patrick Sharp in Canadiens zone.
16:30 of 3rd period - Marc Savard is hit by Henrik Zetterberg.
16:46 of 3rd period - Slapshot by Chris Higgins.
16:46 of 3rd period - Stopped by Tobias Stephan with a rebound.
16:48 of 3rd period - Slapshot by Brent Burns.
16:48 of 3rd period - Stopped by Tobias Stephan with a rebound.
17:27 of 3rd period - Icing by Wayne Simmonds.
17:28 of 3rd period - Patrick Sharp wins face-off versus Pierre-Marc Bouchard in Lightning zone.
17:43 of 3rd period - Wrist shot by Robert Nilsson.
17:43 of 3rd period - Goal by Robert Nilsson - Lightning : 6 - Canadiens : 3.
17:44 of 3rd period - Marc Savard wins face-off versus Robert Nilsson in neutral zone.
17:49 of 3rd period - Henrik Zetterberg is hit by Marek Svatos and loses puck.
18:01 of 3rd period - Icing by Brent Burns.
18:02 of 3rd period - Brooks Laich wins face-off versus Henrik Zetterberg in Lightning zone.
18:07 of 3rd period - Wrist shot by Rene Bourque.
18:07 of 3rd period - Stopped by Tyler Weiman with a rebound.
18:17 of 3rd period - Wrist shot by Henrik Zetterberg.
18:17 of 3rd period - Shot Misses the Net.
19:00 of 3rd period - Off-side.
19:01 of 3rd period - Marc Savard wins face-off versus Pierre-Marc Bouchard in neutral zone.
19:01 of 3rd period - Marc Savard is hit by Pierre-Marc Bouchard.
19:09 of 3rd period - Kris Versteeg is hit by Patrick Sharp.
19:31 of 3rd period - Snap shot by Greg Stewart.
19:31 of 3rd period - Stopped by Tyler Weiman without a rebound.
19:32 of 3rd period - Andrei Loktionov wins face-off versus Logan Couture in Lightning zone.
19:39 of 3rd period - Wrist shot by Devin Setoguchi.
19:39 of 3rd period - Shot Blocked by Jamie Langenbrunner.
19:57 of 3rd period - Marc Savard is hit by Pierre-Marc Bouchard and loses puck.
Goals for this period are 2 for Lightning vs 1 for Canadiens.
Shots for this period are 12 for Lightning vs 9 for Canadiens.